 Dungeon Crawl Stone Soup version 0.29-a0-418-gc0181ea820 (webtiles) character file.

Game seed: 3755418744625366936

742 croobank the Skirmisher (level 7, 0/63 HPs)
             Began as a Hill Orc Fighter on May 17, 2022.
             Slain by an iguana (2 damage)
             ... on level 4 of the Dungeon.
             The game lasted 00:10:45 (4882 turns).

croobank the Skirmisher (Hill Orc Fighter)          Turns: 4882, Time: 00:10:46

Health: 0/63       AC:  8    Str: 21    XL:     7   Next: 76%
Magic:  7/7        EV:  9    Int:  8    God:
Gold:   67         SH:  4    Dex:  7    Spells: 5/6 levels left

rFire   + + +      SeeInvis .   v - +3 mace "Goblin's Foe" {freeze, rPois rF+++ rCorr Dex-3}
rCold   . . .      Faith    .   c - +0 buckler
rNeg    . . .      Spirit   .   h - +0 scale mail
rPois   +          Reflect  .   q - +0 helmet
rElec   .          Harm     .   (no cloak)
rCorr   +          Rampage  .   (no gloves)
Will    .....                   (no boots)
Stlth   ..........              (no amulet)
HPRegen 0.20/turn               (no ring)
MPRegen 0.10/turn               (no ring)

@: mighty
A: no striking features
a: no special abilities


You were on level 4 of the Dungeon.
You visited 1 branch of the dungeon, and saw 5 of its levels.

You collected 139 gold pieces.
You spent 72 gold pieces at shops.

Inventory:

Hand Weapons
 a - a +1 war axe
 b - a +0 hunting sling
 i - a +0 long sword
 n - a +2 vorpal mace
 t - a +0 hand crossbow
 v - the +3 mace "Goblin's Foe" (weapon) {freeze, rPois rF+++ rCorr Dex-3}
   (You took it off a gnoll on level 5 of the Dungeon)

   It freezes those it strikes, dealing additional cold damage.
   It can also slow down cold-blooded creatures.
   Dex:       It affects your dexterity (-3).
   rF:        It renders you almost immune to fire.
   rPois:     It protects you from poison.
   rCorr:     It protects you from acid and corrosion.
Missiles
 j - 194 stones
Armour
 c - a +0 buckler (worn)
 h - a +0 scale mail (worn)
 q - a +0 helmet (worn)
 s - a +0 plate armour
Magical Staves
 e - a staff of earth
Jewellery
 p - a +6 ring of strength
Scrolls
 g - 4 scrolls of magic mapping
 o - a scroll of poison
 r - a scroll of immolation
Potions
 d - a potion of might
 f - 2 potions of brilliance
 k - a potion of ambrosia
 l - a potion of flight
 m - 2 potions of haste


   Skills:
 + Level 6.1 Fighting
 + Level 6.1 Axes
 + Level 5.6 Armour
 + Level 5.5 Shields


You had 5 spell levels left.
You knew the following spells:

 Your Spells              Type           Power      Damage    Failure   Level
a - Magic Dart            Conj           0%         1d3       80%         1

Your spell library contained the following spells:

 Spells                   Type           Power      Damage    Failure   Level
 Searing Ray              Conj           0%         2d4       91%         2
 Fulminant Prism          Conj/Hex       0%         3d6       100%        4


Dungeon Overview and Level Annotations

Branches:
Dungeon (5/15)
 Temple: D:4-7

Altars:
Zin

Shops:
D:2 [   D:3 *(


Message History

The iguana bites you but does no damage.
The wolf bites you but does no damage.
There is a stone staircase leading up here.
The wolf closely misses you. The iguana bites you!
* * * LOW HITPOINT WARNING * * *
The wolf bites you.
* * * LOW HITPOINT WARNING * * *
You climb upwards.
There is a stone staircase leading down, spattered with blood here.
Okay, then.
Okay, then.
It was a potion of ambrosia.
You are confused.
You feel invigorated. The wolf barely misses you. The iguana bites you.
* * * LOW HITPOINT WARNING * * *
The wolf bites you.
* * * LOW HITPOINT WARNING * * *
It was a potion of flight.
You feel very buoyant.
You fly up into the air.
The wolf closely misses you.
The iguana bites you but does no damage.
It was a potion of haste.
You feel yourself speed up. The wolf completely misses you.
The iguana closely misses you. The wolf bites you but does no damage.
It was a potion of cancellation.
Your magical effects are unravelling.
You feel magically purged.
You feel less invigorated.
You feel yourself slow down.
You float gracefully downwards.
You feel less confused. The wolf closely misses you. The iguana bites you!
* * * LOW HITPOINT WARNING * * *
You feel very mighty all of a sudden. The wolf bites you but does no damage.
The wolf bites you.
* * * LOW HITPOINT WARNING * * *
The iguana barely misses you.
You closely miss the iguana. The wolf bites you.
* * * LOW HITPOINT WARNING * * *
The iguana bites you.
You die...

#.........# ###.#.##.# ##
####.#######.# #.#.##.# #.
......)...##.# #......# #.
###.#####.##.##### ##...### #.
#.#####.#......# #..)# #.
#.##....†......# #...# #)
###.##.##.#..##..# #...######.
#.........#...#..# #..[.......
#.......<.#.#.#.@######...#####..
#.......#.#.#.#lh..............##
#.......#.#....................#.
#.......#.###.##...............#.
#.......#.###.#########..).....#.
#.........#......# ###...#######
###########.#.##.# #.......# #
#...##.# #.#...#.#####
#########..###.# #.#.........#


You could see a wolf and an iguana.

Vanquished Creatures
  A gnoll sergeant (D:5)
  A scorpion (D:4)
  4 hounds
  A gnoll shaman (D:5)
  8 orc wizards
  Natasha (thrice) (D:2)
  An iguana (D:4)
  4 adders
  6 gnolls
  A shadow imp (D:5)
  2 worms (D:4)
  2 dart slugs
  7 orcs
  7 endoplasms
  3 giant cockroaches
  5 goblins
  A hobgoblin (D:1)
  4 jackals (D:4)
  3 quokkas
  7 ball pythons
  A bat (D:1)
  3 frilled lizards
  5 kobolds
  8 rats
88 creatures vanquished.

Notes
Turn   | Place    | Note
-------+----------+-------------------------------------------
     0 | D:1      | croobank the Hill Orc Fighter began the quest for the Orb.
     0 | D:1      | Reached XP level 1. HP: 19/19 MP: 1/1
   318 | D:1      | Reached XP level 2. HP: 20/27 MP: 2/2
  1418 | D:2      | Reached XP level 3. HP: 33/33 MP: 3/3
  1533 | D:2      | Found Tuskoipn's Antique Armour Shoppe.
  1987 | D:2      | Noticed Natasha
  1993 | D:2      | Killed Natasha
  1994 | D:2      | Reached XP level 4. HP: 32/40 MP: 4/4
  2068 | D:2      | Noticed Natasha
  2080 | D:2      | Killed Natasha
  2115 | D:2      | Noticed Natasha
  2128 | D:2      | Killed Natasha
  2129 | D:2      | Reached XP level 5. HP: 36/47 MP: 5/5
  2731 | D:3      | Found a faded altar of an unknown god.
  3087 | D:3      | Found Wifeos's Assorted Antiques.
  3095 | D:3      | Bought a scroll of identify for 48 gold pieces
  3095 | D:3      | Bought a scroll labelled CICUOJ VESI for 24 gold pieces
  3100 | D:3      | Found Qeheuq's Weapon Emporium.
  3529 | D:4      | Found a glowing silver altar of Zin.
  3863 | D:4      | Reached skill level 5 in Fighting
  3863 | D:4      | Reached XP level 6. HP: 45/56 MP: 6/6
  3871 | D:4      | Reached skill level 5 in Axes
  4191 | D:4      | Learned a level 1 spell: Magic Dart
  4367 | D:4      | Reached skill level 5 in Armour
  4510 | D:4      | Reached skill level 5 in Shields
  4510 | D:4      | Reached XP level 7. HP: 61/61 MP: 7/7
  4648 | D:5      | Entered Level 5 of the Dungeon
  4772 | D:5      | Identified the +3 mace "Goblin's Foe" {freeze, rPois rF+++
                  | rCorr Dex-3}
  4882 | D:4      | HP: 2/63 [wolf (3)]
  4882 | D:4      | Slain by an iguana

Illustrated notes

Levels and vault maps discovered:
D:1:      kennysheep_arrival_seaside, layout_basic, serial_curves,
          eino_curves_01, eino_curves_01, eino_curves_01, eino_curves_02
D:2:      layout_basic, serial_shops, nicolae_diamond_shop, uniq_natasha
D:3:      layout_rooms, serial_shops, shop, nicolae_shop_bloodbath_and_beyond,
          hellmonk_ecumenical_altar_zigzags, solitary_fountain,
          kennysheep_pointless_box, kennysheep_generic_room_5
D:4:      layout_loops_cross, zin_academy, hangedman_abyss_or_decor_passed,
          minmay_a_box_with_orc_wizards_in_it
D:5:      layout_cave_pools, grunt_gozag_statues, serial_gnoll_camp,
          gnoll_camp_mini_sergeant, gnoll_camp_medium_02, gnoll_camp_huts_basic,
          grums_kennel, uniq_duvessa

Skill      XL: |  1  2  3  4  5  6  7 |
---------------+----------------------+-----
Axes           | 3 4 5 6 |  6.1
Fighting       | 4 5 6 |  6.1
Armour         | 4 5 |  5.6
Shields        | 4 5 |  5.5

Action                   |  1- 3 |  4- 6 |  7- 9 || total
-------------------------+-------+-------+-------++-------
Melee: War axe           |    89 |   148 |    34 ||   271
       Mace              |       |       |    14 ||    14
 Fire: Hand crossbow     |     2 |       |     1 ||     3
  Use: Scroll            |     2 |     7 |       ||     9
       Potion            |       |     1 |     6 ||     7
Armor: Scale mail        |    36 |    78 |    28 ||   142
Dodge: Dodged            |    41 |    53 |    32 ||   126
Block: Buckler           |    20 |    30 |    23 ||    73

Table legend: (Time is in decaauts)
 A = Elapsed time spent in this place.
 B = Non-inter-level travel time spent in this place.
 C = Inter-level travel time spent in this place.
 D = Time resting spent in this place.
 E = Time spent auto-exploring this place.
 F = Levels seen in this place.
 G = Mean time per level.
                   A        B        C        D        E       F      G
               +--------+--------+--------+--------+--------+-----+--------+
         Total |   4987 |   4900 |     87 |    998 |   3096 |   5 |  997.4 |
       Dungeon |   4987 |   4900 |     87 |    998 |   3096 |   5 |  997.4 |
               +--------+--------+--------+--------+--------+-----+--------+

Top non-repeatable levels by time:
     D:1: 1437 daAuts
     D:4: 1336 daAuts
     D:3: 1151 daAuts
     D:2: 968 daAuts
     D:5: 93 daAuts
